 Dungeon Crawl Stone Soup version 0.27-a0-932-g94b7631 (webtiles) character file.

Game seed: 13457679143849973445

9 Nithhogg the Skirmisher (level 2, 24/24 HPs)
             Began as a Demonspawn Fighter on Apr 10, 2021.
             Quit the game on level 1 of the Dungeon.
             The game lasted 00:00:24 (398 turns).

Nithhogg the Skirmisher (Demonspawn Fighter)         Turns: 398, Time: 00:00:24

Health: 24/24      AC:  6    Str: 16    XL:     2   Next: 3%
Magic:  2/2        EV:  6    Int:  9    God:
Gold:   5          SH:  8    Dex: 12    Spells: 1/1 levels left

rFire    . . .     SeeInvis .   a - +0 long sword
rCold    . . .     Faith    .   c - +0 kite shield
rNeg     . . .     Spirit   .   b - +0 scale mail
rPois    .         Reflect  .   (no helmet)
rElec    .         Harm     .   (no cloak)
rCorr    .         Rampage  .   (no gloves)
Will     .....                  (no boots)
Stlth    ..........             (no amulet)
HPRegen  0.08/turn              (no ring)
MPRegen  0.08/turn              (no ring)

@: no status effects
A: claws 1
a: no special abilities


You were on level 1 of the Dungeon.
You visited 1 branch of the dungeon, and saw 1 of its levels.

You collected 5 gold pieces.

Inventory:

Hand Weapons
 a - a +0 long sword (weapon)
Armour
 b - a +0 scale mail (worn)
 c - a +0 kite shield (worn)
 g - a scarf of invisibility
Scrolls
 e - a scroll of teleportation {unknown}
 f - a scroll of brand weapon {unknown}
Potions
 d - a potion of might


   Skills:
 + Level 3.1 Fighting
 + Level 2.0 Long Blades
 + Level 2.8 Armour
 + Level 2.8 Shields


You had one spell level left.
You didn't know any spells.
Your spell library was empty.

Dungeon Overview and Level Annotations

Branches:
Dungeon (1/15)

Altars:


Innate Abilities, Weirdness & Mutations

You have sharp fingernails.


Message History

You barely miss the hobgoblin. The hobgoblin hits you.
The hobgoblin hits you but does no damage.
You slash the hobgoblin!
You kill the hobgoblin!
The kobold hits you but does no damage.
You barely miss the kobold. The kobold closely misses you.
You hit the kobold but do no damage. You block the kobold's attack.
The kobold barely misses you.
Your scale mail prevents you from hitting the kobold.
The kobold hits you with a +0 club.
You miss the kobold. The kobold hits you but does no damage.
You block the kobold's attack.
You hit the kobold but do no damage. The kobold hits you with a +0 club.
* * * LOW HITPOINT WARNING * * *
You hit the kobold.
The kobold is moderately wounded.
The kobold completely misses you. You block the kobold's attack.
You hit the kobold but do no damage.
The kobold is moderately wounded.
The kobold hits you but does no damage. x2
You hit the kobold.
You kill the kobold!
Your Long Blades skill increases to level 2!
You hit the hobgoblin.
You kill the hobgoblin!
You have reached level 2!
You feel monstrous as your demonic heritage exerts itself.
Your demonic ancestry asserts itself...
Your fingernails lengthen.
Key pressed, stopping explore.
Things that are here:
a +0 club; a hobgoblin skeleton; a kobold skeleton HP restored.
You see here 14 sling bullets.
Found 2 boomerangs.
You see here 2 boomerangs.
You open the door.
There is an open door here.
A dart slug comes into view.
Are you sure you want to abandon this character and quit the game? (Confirm with "yes".)

##########
.........#
########.# #
#####.# ####.####
#.....####
.......@#
#.###....#
....w.#.#
##.###(#### .....
#.# #........#
....
#.######........#
..#
#.....##.###.#..#
. #..รท..'..#
#....# #.....####
#...### #.#...#
#.....# #.###.#
#####.#


You could see a dart slug.

Vanquished Creatures
  A dart slug (D:1)
  2 hobgoblins (D:1)
  A kobold (D:1)
  A quokka (D:1)
  A rat (D:1)
6 creatures vanquished.

Notes
Turn   | Place    | Note
-------+----------+-------------------------------------------
     0 | D:1      | Nithhogg the Demonspawn Fighter began the quest for the
                  | Orb.
     0 | D:1      | Reached XP level 1. HP: 18/18 MP: 1/1
   113 | D:1      | Gained mutation: You have sharp fingernails. [demonic
                  | ancestry]
   113 | D:1      | Reached XP level 2. HP: 6/24 MP: 2/2
   398 | D:1      | Quit the game

Illustrated notes

Levels and vault maps discovered:
D:1:      wander_arrival_lonely_grave, layout_basic,
          ebering_ecumenical_altar_box

Skill      XL: |  1 |
---------------+----+-----
Long Blades    | 2 |  2.0
Fighting       | |  3.1
Armour         | |  2.8
Shields        | |  2.8

Action                   || total
-------------------------++-------
Melee: Long sword        ||    24
Armor: Scale mail        ||    17
Dodge: Dodged            ||    11
Block: Kite shield       ||    21
       Rpst.: Long sword ||     3

Table legend: (Time is in decaauts)
 A = Elapsed time spent in this place.
 B = Non-inter-level travel time spent in this place.
 C = Inter-level travel time spent in this place.
 D = Time resting spent in this place.
 E = Time spent auto-exploring this place.
 F = Levels seen in this place.
 G = Mean time per level.
                   A        B        C        D        E       F      G
               +--------+--------+--------+--------+--------+-----+--------+
         Total |    410 |    410 |      0 |      0 |    345 |   1 |  410.0 |
       Dungeon |    410 |    410 |      0 |      0 |    345 |   1 |  410.0 |
               +--------+--------+--------+--------+--------+-----+--------+

Top non-repeatable levels by time:
     D:1: 410 daAuts
